 Dungeon Crawl Stone Soup version 0.19.1-1-g22dce08 (webtiles) character file.

9858 Kiturien the Covert (level 11, -4/66 HPs)
             Began as an Octopode Fighter on Jan 17, 2017.
             Was an Elder of Dithmenos.
             Shot with an arrow by a centaur (8 damage)
             ... on level 11 of the Dungeon.
             The game lasted 02:05:07 (11018 turns).

Kiturien the Covert (Octopode Fighter)             Turns: 11018, Time: 02:05:08

Health: -4/66      AC:  4    Str: 19    XL:     11   Next: 53%
Magic:  14/14      EV: 14    Int: 12    God:    Dithmenos [****..]
Gold:   706        SH: 11    Dex: 12    Spells: 5 memorised, 2 levels left

rFire  . . .     SeeInvis .     s - +6 dagger "Roarphao" {protect, Stlth+}
rCold  . . .     Gourm    .     b - +0 shield
rNeg   . . .     Faith    .     (helmet restricted)
rPois  .         Spirit   .     (no amulet)
rElec  .         Reflect  .     V - ring of stealth
rCorr  .         Harm     .     (no ring)
MR     +....     Rnd*Rage +     (no ring)
Stlth  ++++++++++               (no ring)
                                (no ring)
                                (no ring)
                                (no ring)
                                (no ring)

@: wreathed by umbra, invisible
A: almost no armour, stealthy swim, amphibious, 8 rings, constrict 8, molten
scales 1, camouflage 1, berserk 1, frail 1, magic resistance 1, shaggy fur 1,
strong 1, gelatinous body 1
a: Shadow Step, Renounce Religion


You were on level 11 of the Dungeon.
You worshipped Dithmenos.
Dithmenos was greatly pleased with you.
You were not hungry.

You visited 3 branches of the dungeon, and saw 13 of its levels.

You collected 706 gold pieces.

Inventory:

Hand Weapons
 a - a +1 vampiric dagger
 j - a +0 rapier
 s - the +6 dagger "Roarphao" (weapon) {protect, Stlth+}
   (You found it on level 5 of the Dungeon)

   It protects the one who uses it against injury (+AC on strike).
   It makes you more stealthy.
 D - a +1 hand axe of electrocution
 H - a +2 long sword
 P - a -2 dagger
 Q - a +1 dagger of speed
 W - a +0 flail of protection
Missiles
 J - 3 silver javelins (quivered)
Armour
 b - a +0 shield (worn)
Magical Staves
 y - an uncursed staff of death
 K - an uncursed staff of power
Jewellery
 t - an uncursed amulet of harm
 x - an uncursed amulet of magic regeneration
 V - a ring of stealth (left tentacle)
Wands
 i - a wand of lightning (2/15)
 l - a wand of confusion (32/48)
 r - a wand of paralysis (4/24)
 v - a wand of iceblast (7/15)
 z - a wand of confusion (13/48)
 E - a wand of iceblast (7/15)
 I - a wand of polymorph (13/24)
 N - a wand of digging (12/24)
 S - a wand of lightning (8/15)
 U - a wand of confusion (38/48)
 Y - a wand of lightning (10/15)
Scrolls
 d - 3 scrolls of amnesia
 e - 5 scrolls of recharging
 f - 5 scrolls of remove curse
 h - a scroll of fear {unknown}
 n - 2 scrolls of magic mapping
 q - 2 scrolls of noise
 u - a scroll of teleportation
 w - a scroll of identify
 A - a scroll of summoning {unknown}
 C - a scroll of enchant weapon
 O - a scroll of silence {unknown}
 Z - 2 scrolls of enchant armour {unknown}
Potions
 c - a potion of might
 k - 3 potions of brilliance
 m - a potion of magic {unknown}
 p - 2 potions of flight
 F - 2 potions of cancellation
 L - 2 potions of lignification
 R - 2 potions of curing
 T - a potion of berserk rage {unknown}
 X - a potion of invisibility
Comestibles
 g - 3 meat rations
 o - 5 slices of pizza
 B - 5 bread rations
 G - 4 beef jerkies


   Skills:
 + Level 6.9 Fighting
 + Level 6.6 Short Blades
 + Level 6.2 Dodging
 + Level 14.7 Stealth
 + Level 7.9 Shields
 + Level 2.0 Spellcasting
 + Level 2.2 Hexes
 + Level 5.0 Evocations


You had 2 spell levels left.
You knew the following spells:

 Your Spells              Type           Power        Failure   Level  Hunger
a - Confuse               Hex            #.......     83%         3    ####...
b - Dazzling Spray        Conj/Hex       #.....       95%         3    ####...
c - Ensorcelled Hibernat  Hex/Ice        #.....       69%         2    ###....
d - Corona                Hex            #......      30%         1    ##.....
e - Tukima's Dance        Hex            #.......     83%         3    ####...


Dungeon Overview and Level Annotations

Branches:
Dungeon (11/15)            Temple (1/1) D:5            Lair (1/6) D:9
    Orc (0/2) D:11

Altars:
Ashenzari
Cheibriados
Dithmenos
Elyvilon
Fedhas
Gozag
Hepliaklqana
Kikubaaqudgha
Makhleb
Nemelex Xobeh
Okawaru
Qazlal
Ru
Sif Muna
Trog
Uskayaw
Vehumet
Xom
Yredelemnul
Zin
The Shining One

Shops:
D:4 (}}:   D:7 %?[   D:8 (   D:9 :

Annotations:
D:5 Dowan, Duvessa, Menkaure


Innate Abilities, Weirdness & Mutations

You cannot wear most types of armour.
You are very stealthy in the water. (Stealth+)
You are amphibious.
You can wear up to eight rings at the same time.
You can use your tentacles to constrict eight enemies at once.
Your skin changes colour to match your surroundings (Stealth+).
Your rubbery body absorbs attacks. (AC +1, EV +1)
You are partially covered in molten scales. (AC +2)
You tend to lose your temper in combat.
You are frail. (-10% HP)
You are resistant to hostile enchantments. (MR+)
You are covered in fur. (AC +1)
Your muscles are strong. (Str +2)


Message History

You see here 4 arrows.
The centaur shoots an arrow.
The arrow misses you.
The centaur shoots an arrow.
The arrow hits you!
* * * LOW HITPOINT WARNING * * *
The centaur shoots an arrow.
You block the arrow.
You see here an arrow.
You feel much better.
The centaur shoots an arrow.
The arrow hits you!
* * * LOW HITPOINT WARNING * * *
The centaur shoots an arrow.
The arrow hits you!
* * * LOW HITPOINT WARNING * * *
The centaur shoots an arrow.
The arrow hits you.
* * * LOW HITPOINT WARNING * * *
You see here an arrow.
Aiming: Shadow Step
Press: ? - help, Dir - move target cursor There isn't a shadow there.
Okay, then.
You fade into invisibility!
The centaur shoots an arrow.
The arrow hits you!
You die...

#>(# #............ #..#
#...>........ #..#
#............ #..#
#............ #..#
#............ #. #..#
#............ #..##..#
#.....)......
#....yy########............
#....ccc((@.((........)...†
###########################


You could see 3 centaurs and 2 killer bees.

Vanquished Creatures
  An elephant (D:9)
  2 hornets (D:11)
  2 hippogriffs (D:7)
  A wraith (D:11)
  7 yaks
  4 hogs (D:7)
  2 wyverns
  A human (D:7)
  A steam dragon (D:10)
  4 porcupines (Lair:1)
  2 water moccasins
  7 orc warriors
  4 ice beasts
  2 necrophages
  2 eyes of draining (D:9)
  A sky beast (D:6)
  4 ogres
  3 wolves (Lair:1)
  6 centaurs
  2 crocodiles
  4 bullfrogs
  A water moccasin zombie (D:8)
  3 scorpions
  4 killer bees
  3 wights (D:8)
  A howler monkey (D:11)
  An electric eel (D:11)
  A bullfrog zombie (D:10)
  A crimson imp (D:8)
  A quasit (D:11)
  2 centaur zombies
  3 jellies
  11 orc priests
  3 hounds
  A bullfrog skeleton (D:9)
  3 centaur skeletons
  Jessica (D:2)
  8 worker ants
  5 iguanas
  12 orc wizards
  A hound skeleton (D:9)
  A howler monkey zombie (D:10)
  A worker ant zombie (D:6)
  10 adders
  12 gnolls
  A shadow imp (D:11)
  An ooze (D:3)
  An adder skeleton (D:5)
  3 worms
  A dart slug (D:2)
  4 leopard geckos
  54 orcs
  3 giant cockroaches
  9 goblins
  6 hobgoblins
  9 jackals
  10 kobolds
  2 quokkas
  2 ball pythons
  16 bats
  3 frilled lizards
  A leopard gecko skeleton (D:4)
  A leopard gecko zombie (D:6)
  5 rats
284 creatures vanquished.

Vanquished Creatures (others)
  2 orcs (D:11)
2 creatures vanquished.

Grand Total: 286 creatures vanquished

Notes
Turn   | Place    | Note
-------+----------+-------------------------------------------
     0 | D:1      | Kiturien the Octopode Fighter began the quest for the Orb.
     0 | D:1      | Reached XP level 1. HP: 16/16 MP: 1/1
   101 | D:1      | Reached XP level 2. HP: 18/21 MP: 2/2
   393 | D:1      | Reached XP level 3. HP: 26/26 MP: 3/3
   651 | D:1      | You fall through a shaft!
   863 | D:2      | Noticed Jessica
   867 | D:2      | Killed Jessica
   867 | D:2      | Reached skill level 1 in Stealth
   867 | D:2      | Reached XP level 4. HP: 27/31 MP: 4/4
  1636 | D:3      | Reached skill level 2 in Stealth
  1730 | D:3      | Gained mutation: You are resistant to hostile enchantments. (MR+) [potion of mutation]
  1730 | D:3      | Gained mutation: Your muscles are strong. (Str +2) [potion of mutation]
  1730 | D:3      | Gained mutation: You are partially covered in molten scales. (AC +2) [potion of mutation]
  1731 | D:3      | Gained mutation: You are covered in fur. (AC +1) [potion of mutation]
  1731 | D:3      | Gained mutation: You are dopey. (Int -2) [potion of mutation]
  1731 | D:3      | Gained mutation: You are frail. (-10% HP) [potion of mutation]
  1732 | D:3      | Gained mutation: You tend to lose your temper in combat. [potion of mutation]
  1732 | D:3      | Lost mutation: You are dopey. (Int -2) [potion of mutation]
  1790 | D:3      | Reached XP level 5. HP: 33/33 MP: 5/5
  1925 | D:3      | Reached skill level 3 in Stealth
  2261 | D:4      | Found Liwifoos's Antique Armour Emporium.
  2505 | D:4      | Found Rupem's Weapon Shop.
  2563 | D:4      | Found Docusa's Gadget Boutique.
  2622 | D:4      | Found Axem's Gadget Emporium.
  2651 | D:4      | Found Dealy's Book Emporium.
  2776 | D:5      | Entered Level 5 of the Dungeon
  2785 | D:5      | Got a twisted dagger
  2788 | D:5      | Identified the +6 dagger "Roarphao" {protect, Stlth+} (You found it on level 5 of the Dungeon)
  2991 | D:5      | Reached skill level 4 in Stealth
  2991 | D:5      | Reached XP level 6. HP: 26/38 MP: 6/6
  3109 | D:5      | Noticed Duvessa
  3132 | D:6      | Noticed a sky beast
  3138 | D:6      | Killed a sky beast
  3230 | D:5      | Noticed an orc warrior
  3499 | D:5      | Killed an orc warrior
  3499 | D:5      | Reached skill level 5 in Stealth
  3499 | D:5      | Reached XP level 7. HP: 11/43 MP: 7/7
  3757 | D:5      | Found a staircase to the Ecumenical Temple.
  3766 | Temple   | Entered the Ecumenical Temple
  3870 | Temple   | Became a worshipper of Dithmenos the Shadowed
  4345 | D:5      | Noticed Dowan
  4400 | D:5      | Noticed Menkaure
  4441 | D:6      | Found Meheirphuz's Weapon Boutique.
  4478 | D:6      | Reached skill level 6 in Stealth
  4605 | D:6      | Reached skill level 5 in Shields
  4883 | D:6      | Reached * piety under Dithmenos
  5214 | D:7      | Reached skill level 7 in Stealth
  5214 | D:7      | Reached XP level 8. HP: 48/48 MP: 8/8
  5571 | D:7      | Reached skill level 8 in Stealth
  5632 | D:7      | Found a sparkling altar of Nemelex Xobeh.
  5676 | D:7      | Found Firech's Armour Shoppe.
  5688 | D:7      | Found Meriteyd's Magic Scroll Boutique.
  5721 | D:7      | Noticed a hippogriff
  5764 | D:7      | Reached skill level 5 in Fighting
  5900 | D:7      | Killed a hippogriff
  5996 | D:7      | Reached skill level 9 in Stealth
  6131 | D:7      | Found Felom's Food Shoppe.
  6140 | D:7      | Noticed a hippogriff
  6148 | D:7      | Killed a hippogriff
  6148 | D:7      | Reached XP level 9. HP: 54/54 MP: 9/9
  6272 | D:7      | Reached skill level 5 in Short Blades
  6285 | D:7      | Reached skill level 10 in Stealth
  6287 | D:7      | Reached skill level 5 in Dodging
  6490 | D:8      | Found Ruor Bemp's Antique Weapon Shoppe.
  6876 | D:8      | Reached ** piety under Dithmenos
  6920 | D:8      | Reached skill level 11 in Stealth
  6976 | D:8      | Found a glowing golden altar of the Shining One.
  7067 | D:9      | Found Juovvebb's Book Shop.
  7495 | D:9      | Reached XP level 10. HP: 61/61 MP: 10/10
  7570 | D:9      | Found a bloodstained altar of Trog.
  7738 | D:9      | Found a staircase to the Lair.
  7738 | D:9      | Noticed an elephant
  7833 | D:9      | Reached skill level 12 in Stealth
  7857 | D:9      | Killed an elephant
  7983 | D:9      | Reached skill level 13 in Stealth
  8145 | Lair:1   | Entered Level 1 of the Lair of Beasts
  8489 | Lair:1   | Noticed a seven-headed hydra
  8735 | D:9      | Reached *** piety under Dithmenos
  8784 | D:10     | Entered Level 10 of the Dungeon
  8930 | D:10     | Reached skill level 14 in Stealth
  9069 | D:10     | Reached skill level 1 in Evocations
  9592 | D:10     | Reached XP level 11. HP: 66/66 MP: 10/12
  9606 | D:10     | Learned a level 3 spell: Confuse
  9610 | D:10     | Learned a level 3 spell: Dazzling Spray
  9657 | D:10     | Reached skill level 1 in Spellcasting
  9657 | D:10     | Reached skill level 1 in Hexes
 10089 | D:11     | Noticed a hill giant
 10097 | D:11     | Learned a level 2 spell: Ensorcelled Hibernation
 10099 | D:11     | Learned a level 1 spell: Corona
 10103 | D:11     | Learned a level 3 spell: Tukima's Dance
 10187 | D:11     | Reached **** piety under Dithmenos
 10514 | D:11     | Reached skill level 5 in Evocations
 10527 | D:11     | Found a staircase to the Orcish Mines.
 11018 | D:11     | Shot with an arrow by a centaur

Skill      XL: |  1  2  3  4  5  6  7  8  9 10 11 |
---------------+----------------------------------+-----
Stealth        | 1 2 4 5 7 9 11 14 | 14.7
Shields        | 4 5 6 7 |  7.9
Fighting       | 4 5 6 |  6.9
Short Blades   | 3 4 5 6 |  6.6
Dodging        | 4 5 6 |  6.2
Evocations     | 1 5 |  5.0
Spellcasting   | 2 |  2.0
Hexes          | 2 |  2.2

Action                   |  1- 3 |  4- 6 |  7- 9 | 10-12 || total
-------------------------+-------+-------+-------+-------++-------
Melee: Rapier            |    37 |       |       |       ||    37
       Constrict         |    19 |    37 |    41 |    51 ||   148
       Tentacles         |    10 |    33 |    51 |    74 ||   168
       Dagger            |    20 |   136 |   208 |   334 ||   698
       Unarmed           |       |       |     5 |       ||     5
Evoke: Wand              |       |     1 |     2 |     2 ||     5
  Use: Scroll            |     3 |     8 |     9 |     8 ||    28
       Potion            |       |     5 |       |     3 ||     8
 Stab: Sleeping          |     5 |     9 |    18 |    36 ||    68
       Confused          |       |       |     1 |       ||     1
       Distracted        |       |       |     1 |     2 ||     3
  Eat: Bread ration      |       |     3 |       |     1 ||     4
       Beef jerky        |       |     1 |       |       ||     1
       Pizza             |       |     1 |     2 |     1 ||     4
       Royal jelly       |       |       |     1 |       ||     1
       Meat ration       |       |       |     1 |     1 ||     2
Armor: Skin              |     6 |    17 |    34 |    29 ||    86
Dodge: Dodged            |    26 |    42 |    83 |   123 ||   274
Block: Shield            |    27 |    60 |    73 |   135 ||   295
